 Dungeon Crawl Stone Soup version 0.20-a0-1127-g1289703 (webtiles) character file.

62 AlphabetPasta the Vexing (level 3, -1/26 HPs)
             Began as a Centaur Enchanter on May 17, 2017.
             Slain by a hound (5 damage)
             ... on level 2 of the Dungeon.
             The game lasted 00:09:24 (2381 turns).

AlphabetPasta the Vexing (Centaur Enchanter)        Turns: 2381, Time: 00:09:25

Health: -1/26      AC:  5    Str: 10    XL:     3   Next: 85%
Magic:  2/5        EV: 10    Int: 14    God:
Gold:   37         SH:  0    Dex: 10    Spells: 0/5 levels left

rFire    . . .     SeeInvis .   a - +1 dagger
rCold    . . .     Gourm    .   (no shield)
rNeg     . . .     Faith    .   b - +0 robe
rPois    .         Spirit   .   (no helmet)
rElec    .         Reflect  .   (no cloak)
rCorr    .         Harm     .   j - +0 pair of gloves
MR       .....                  (no barding)
Stlth    +.........             (no amulet)
Regen    0.1/turn               (no ring)
MPRegen  0.1/turn               (no ring)

@: very quick
A: hooves 3, deformed body, speed 2, tough skin 3
a: no special abilities


You were on level 2 of the Dungeon.
You were not hungry.

You visited 1 branch of the dungeon, and saw 2 of its levels.

You collected 37 gold pieces.

Inventory:

Hand Weapons
 a - a +1 dagger (weapon)
Missiles
 s - 20 arrows
Armour
 b - a +0 robe (worn)
 e - a +0 shield
 j - a +0 pair of gloves (worn)
Scrolls
 g - a scroll of immolation {unknown}
 l - a scroll of recharging {unknown}
 n - a scroll of enchant weapon {unknown}
 o - a scroll of magic mapping {unknown}
 q - a scroll of remove curse {unknown}
 r - a scroll of identify {unknown}
Potions
 f - 2 potions of lignification {unknown}
 k - 2 potions of invisibility {unknown}
Books
 c - a book of Maledictions

   Spells                             Type                      Level
   a - Corona                         Hexes                        1
   b - Ensorcelled Hibernation        Hexes/Ice                    2
   c - Confuse                        Hexes                        3
   d - Tukima's Dance                 Hexes                        3
   e - Dazzling Spray                 Conjuration/Hexes            3
 m - a book of Spatial Translocations

   Spells                             Type                      Level
   a - Blink                          Translocation                2
   b - Shroud of Golubria             Charms/Translocation         2
   c - Lesser Beckoning               Translocation                3
   d - Gell's Gravitas                Translocation                3
   e - Teleport Other                 Translocation                3
   f - Passage of Golubria            Translocation                4
Comestibles
 d - a bread ration
 h - 2 chunks of flesh
 i - 2 royal jellies
 p - 2 meat rations


   Skills:
 * Level 1.6 Short Blades
 + Level 1.5 Dodging
 * Level 2.2 Stealth
 + Level 0.0 Shields
 + Level 1.6 Spellcasting
 * Level 3.2 Hexes
 + Level 0.3 Translocations
 + Level 0.6 Ice Magic


You couldn't memorise any spells.
You knew the following spells:

 Your Spells              Type           Power        Failure   Level  Hunger
a - Corona                Hex            ##.....      7%          1    ##.....
b - Ensorcelled Hibernat  Hex/Ice        #.....       17%         2    ###....
c - Blink                 Tloc           N/A          32%         2    ###....


Dungeon Overview and Level Annotations

Branches:
Dungeon (2/15)

Altars:
Ashenzari
Makhleb
Uskayaw
Wu Jian


Innate Abilities, Weirdness & Mutations

You have hooves in place of feet.
Armour fits poorly on your strangely shaped body.
You cover ground very quickly.
You have extremely tough skin. (AC +3)


Message History

The hound bites you.
You hit the hound but do no damage. Your kick misses the hound.
The hound is heavily wounded.
The hound barely misses you. x2
You closely miss the hound.
The hound is heavily wounded.
The hound closely misses you.
Some of the chunks of flesh in your inventory have rotted away.
You closely miss the hound. Your kick misses the hound.
The hound is heavily wounded.
The hound bites you.
You closely miss the hound.
The hound is heavily wounded.
The hound bites you.
* * * LOW HITPOINT WARNING * * *
The hound bites you.
* * * LOW HITPOINT WARNING * * *
You see here a glowing orange potion.
The hound bites you.
You die...

#...## #∩## #....
#.### ## #.#.# #.#
### #.#.# #.# ###.#
#.#.# #.# #...# #.#.#
#.# #.### #.#.# #.#
##.## #.#.#
#.#######...#####.#.#
#..h@.(.............#
######.##...#####....
#.###.## ##### #)#
#.# #.. #.# #.# #.#
#.# #.########.#
#(###..........#
#......#######.#
#####g.# #.#


You could see a hound.

Vanquished Creatures
  2 adders (D:2)
  An ooze (D:2)
  A worm (D:2)
  A dart slug (D:1)
  3 giant cockroaches (D:2)
  3 goblins
  5 hobgoblins
  7 kobolds
  8 bats
  A frilled lizard (D:2)
  3 rats
35 creatures vanquished.

Notes
Turn   | Place    | Note
-------+----------+-------------------------------------------
     0 | D:1      | AlphabetPasta the Centaur Enchanter began the quest for the Orb.
     0 | D:1      | Reached XP level 1. HP: 14/14 MP: 3/3
   103 | D:1      | Reached skill level 1 in Short Blades
   500 | D:1      | Reached XP level 2. HP: 19/20 MP: 0/4
   505 | D:1      | Learned a level 2 spell: Ensorcelled Hibernation
  1218 | D:2      | Reached skill level 3 in Hexes
  1297 | D:2      | Reached XP level 3. HP: 12/26 MP: 2/5
  1688 | D:2      | Found a hide-covered altar of Uskayaw.
  1712 | D:2      | Learned a level 2 spell: Blink
  1850 | D:2      | Found a shattered altar of Ashenzari.
  1962 | D:2      | Found an ornate altar of the Wu Jian Council.
  2354 | D:2      | Found a burning altar of Makhleb.
  2381 | D:2      | Slain by a hound

Vault maps used:
D:1:      minmay_arrival_widening_spiral_wide
D:2:      nicolae_overflow_crystal_walls, lemuel_doored_altar,
          makhleb_blood_cavern_becter, ashenzari_altar_1

Skill      XL: |  1  2 |
---------------+-------+-----
Short Blades   | 1 |  1.6
Hexes          | 3 |  3.2
Stealth        | 2 |  2.2
Dodging        | |  1.5
Spellcasting   | |  1.6
Translocations | |  0.3
Ice Magic      | |  0.6

Action                   || total
-------------------------++-------
Melee: Dagger            ||   127
       Kick              ||    22
 Cast: Corona            ||    16
       Ensorcelled Hiber ||    16
  Use: Scroll            ||     1
 Stab: Sleeping          ||     7
       Distracted        ||     1
  Eat: Chunk             ||     6
Armor: Robe              ||    48
Dodge: Dodged            ||    71
